 Dungeon Crawl Stone Soup version 0.24.0-124-g2791043dd8 (webtiles) character file.

Game seed: 6808512800568032225, levelgen mode: deterministic

35 Johnny the Digger (level 3, -1/22 HPs)
             Began as a Deep Elf Earth Elementalist on Feb 15, 2020.
             Slain by a quokka (4 damage)
             ... on level 2 of the Dungeon.
             The game lasted 00:01:11 (1157 turns).

Johnny the Digger (Deep Elf Earth Elementalist)     Turns: 1157, Time: 00:01:11

Health: -1/22      AC:  3    Str:  2 (5)  XL:     3   Next: 17%
Magic:  10/10      EV: 13    Int: 22 (25) God:
Gold:   53         SH:  0    Dex: 14 (15) Spells: 8/9 levels left

rFire    . . .     SeeInvis .   (no weapon)
rCold    . . .     Gourm    .   (no shield)
rNeg     . . .     Faith    .   c - +0 robe
rPois    .         Spirit   .   (no helmet)
rElec    .         Reflect  .   (no cloak)
rCorr    .         Harm     .   (no gloves)
MR       .....     Clarity  +   e - +0 pair of boots
Stlth    ++........             (no amulet)
HPRegen  0.07/turn              (no ring)
MPRegen  0.12/turn              (no ring)

@: brilliant
A: clarity, robust 1, screaming 1
a: no special abilities


You were on level 2 of the Dungeon.
You were hungry.

You visited 1 branch of the dungeon, and saw 2 of its levels.

You collected 53 gold pieces.

Inventory:

Armour
 c - a +0 robe (worn)
 e - a +0 pair of boots (worn)
Jewellery
 g - an uncursed ring of protection from fire {unknown}
 h - a +3 ring of dexterity {unknown}
Comestibles
 d - 2 rations


   Skills:
 * Level 1.5 Fighting
 - Level 2.4 Dodging
 - Level 2.4 Stealth
 + Level 3.5 Spellcasting
   Level 1.1 Transmutations
 + Level 3.6 Earth Magic


You had 8 spell levels left.
You knew the following spells:

 Your Spells              Type           Power        Failure   Level  Hunger
a - Sandblast             Erth           ####..       1%          1    None

Your spell library contained the following spells:

 Spells                   Type           Power        Failure   Level  Hunger
 Passwall                 Tmut/Erth      ####....     1%          2    ##.....
 Stone Arrow              Conj/Erth      ####..       2%          3    ###....
 Petrify                  Tmut/Erth      ####....     5%          4    ####...
 Lee's Rapid Deconstruct  Erth           ####......   8%          5    ######.


Dungeon Overview and Level Annotations

Branches:
Dungeon (2/15)

Altars:


Innate Abilities, Weirdness & Mutations

You possess an exceptional clarity of mind.
You are robust. (+10% HP)
You occasionally shout uncontrollably at your foes.


Message History

You feel robust.
You feel the urge to shout.
Your thoughts seem clearer.
The quokka closely misses you.
The leopard gecko hisses menacingly.
The goblin barely misses you.
It was a potion of degeneration.
There was something very wrong with that liquid.
You feel weakened.
You feel dopey.
You feel clumsy. The quokka barely misses you. The quokka bites you.
The goblin hits you.
You closely miss the goblin.
The goblin is heavily wounded.
The quokka closely misses you. The goblin hits you but does no damage.
You hit the goblin but do no damage.
The goblin is heavily wounded.
The quokka bites you.
* * * LOW HITPOINT WARNING * * *
The goblin hits you but does no damage.
You closely miss the goblin.
The goblin is moderately wounded.
The quokka bites you.
You die...

########
#llr@g.#
#.####.#
#.# #
#l#
#.####.#
#<.....#
##.###?#
... .###


You could see a leopard gecko, a quokka, a goblin and a frilled lizard.

Vanquished Creatures
  An ooze (D:1)
  A dart slug (D:1)
  A leopard gecko (D:1)
  3 bats (D:1)
  2 giant cockroaches (D:1)
  4 goblins (D:1)
  7 hobgoblins (D:1)
  3 kobolds (D:1)
  A frilled lizard (D:1)
  2 rats (D:1)
25 creatures vanquished.

Notes
Turn   | Place    | Note
-------+----------+-------------------------------------------
     0 | D:1      | Johnny the Deep Elf Earth Elementalist began the quest for
                  | the Orb.
     0 | D:1      | Reached XP level 1. HP: 10/10 MP: 6/6
   342 | D:1      | Reached XP level 2. HP: 11/16 MP: 4/8
   462 | D:1      | Reached skill level 1 in Fighting
   699 | D:1      | Reached XP level 3. HP: 13/20 MP: 6/10
  1153 | D:2      | Gained mutation: You are robust. (+10% HP) [potion of
                  | mutation]
  1153 | D:2      | Gained mutation: You occasionally shout uncontrollably at
                  | your foes. [potion of mutation]
  1153 | D:2      | Gained mutation: You possess an exceptional clarity of
                  | mind. [potion of mutation]
  1157 | D:2      | Slain by a quokka

Levels and vault maps discovered:
D:1:      nzn_arrival_crosshair, layout_loops_ring, serial_bayou_lake_a
D:2:      layout_basic

Skill      XL: |  1  2 |
---------------+-------+-----
Fighting       | 1 |  1.5
Dodging        | |  2.4
Stealth        | |  2.4
Spellcasting   | |  3.5
Transmutations | |  1.1
Earth Magic    | |  3.6

Action                   || total
-------------------------++-------
Melee: Unarmed           ||    61
 Cast: Sandblast         ||    35
  Use: Potion            ||     4
 Stab: Sleeping          ||     6
Armor: Robe              ||    19
Dodge: Dodged            ||    64
